cohdb
Replays
Latest Replays
All Replays
Popular Replays
Top Player Replays
Match Explorer
How It Works
Community
CoH3 Stats
Reddit
Sign in to upload your games and track your stats! →
Sign in with Steam
Pachino-Ackerland
Match 17195374
Overview
Messages
Build Orders
End
Construct Barracks
Riflemen Squad
Riflemen Squad
Selects Special Operations Battlegroup
Construct Medical Station
Selects M29 Weasel with M1 Pack Howitzer
Construct Weapon Support Center
Grenade Package
M29 Weasel with M1 Pack Howitzer
Infantry Support Center
Construct Motor Pool
Munitions Surplus
M1918 Browning Automatic Rifles
M1 Anti-tank Gun Team
Riflemen Squad
M29 Weasel with M1 Pack Howitzer
AI Takeover
oath
齉龘齉齾爩麤龗灪龖厵
AirborneDivision
InFlames
0
0
Comments
sign in to comment!
No comments posted yet!